 Dungeon Crawl Stone Soup version 0.32-a0-5-gbffa963729 (webtiles) character file.

Game seed: 9508354748209842538

2623 Flugslaktarn the Fighter (level 9, -3/85 HPs)
             Began as a Minotaur Fighter on Jan 13, 2024.
             Blown up by Maurice (12 damage)
             ... with a mindburst bolt
             ... on level 7 of the Dungeon.
             The game lasted 00:03:23 (6855 turns).

Flugslaktarn the Fighter (Minotaur Fighter)         Turns: 6855, Time: 00:03:24

Health: -3/85      AC: 12    Str: 30    XL:     9   Next: 34%
Magic:  0/8        EV:  9    Int:  9    God:
Gold:   0          SH:  4    Dex:  5    Spells: 8/8 levels left

rFire   . . .        r - +0 war axe (drain)
rCold   . . .        c - +0 buckler
rNeg    + . .        g - +1 chain mail of Privacy {rN+ Str+4 Int+4 Dex-4}
rPois   .            (helmet restricted)
rElec   .            b - +0 cloak
rCorr   .            (no gloves)
SInv    .            (no boots)
Will    .....        i - amulet of guardian spirit Stlth
                     (no ring)
HPRegen 0.34/turn    (no ring)
MPRegen 0.11/turn

%: guardian spirit
@: no status effects
A: horns 2, retaliatory headbutt
a: no special abilities


You were on level 7 of the Dungeon.
You visited 1 branch of the dungeon, and saw 7 of its levels.

You collected 40 gold pieces.
You spent 40 gold pieces at shops.

Inventory:

Hand Weapons
 r - a +0 war axe of draining (weapon)
   (You took it off Maggie on level 6 of the Dungeon)
Armour
 b - a +0 cloak (worn)
   (You found it on level 2 of the Dungeon)
 c - a +0 buckler (worn)
 g - the +1 chain mail of Privacy (worn) {rN+ Str+4 Int+4 Dex-4}
   (You found it on level 6 of the Dungeon)

   Str+4:     It affects your strength (+4).
   Int+4:     It affects your intelligence (+4).
   Dex-4:     It affects your dexterity (-4).
   rN+:       It protects you from negative energy.
 n - a +0 plate armour
   (You found it on level 1 of the Dungeon)
Jewellery
 i - an amulet of guardian spirit (around neck)
   (You found it on level 1 of the Dungeon)
Scrolls
 e - a scroll of immolation
 l - a scroll of silence
 t - 3 scrolls of teleportation
 v - a scroll of vulnerability {unknown}
 x - a scroll of revelation {unknown}
Potions
 d - a potion of might
 f - a potion of lignification
 j - 2 potions of mutation
 k - a potion of invisibility {unknown}
 m - a potion of berserk rage {unknown}
 s - 2 potions of magic {unknown}
 u - a potion of brilliance {unknown}


   Skills:
 * Level 9.7 Fighting
 * Level 9.3 Axes
 + Level 7.1 Armour
 + Level 7.0 Shields


You had 8 spell levels left.
You didn't know any spells.
Your spell library contained the following spells:

 Spells                   Type           Power      Damage    Failure   Level
 Lesser Beckoning         Tloc           0%         N/A       94%         2
 Gell's Gravitas          Tloc           0%         N/A       99%         3
 Teleport Other           Tloc           0%         N/A       99%         3
 Dispersal                Tloc           0%         N/A       100%        6


Dungeon Overview and Level Annotations

Branches:
Dungeon (7/15)
 Temple: D:4-7

Altars:
Qazlal
Sif Muna
Uskayaw
Xom

Shops:
D:5 *(

Annotations:
D:7 Maurice


Innate Abilities, Weirdness & Mutations

You have a pair of horns on your head.
You reflexively headbutt those who attack you in melee.


Message History

You barely miss the orc.
You hear some strange, mumbled words.
The orc hits you with a +0 trident.
You closely miss the orc. You headbutt the orc!
You kill the orc!
You hit the orc but do no damage. The orc closely misses you.
You slash the orc!
You kill the orc!
You barely miss the orc. The orc hits you but does no damage. x2
You hit the orc. You drain the orc. Your headbutt misses the orc.
The orc is almost dead.
The orc hits you with a +0 dagger.
You slash the orc!
You kill the orc!
You slash the orc!
You kill the orc!
A throwing net appears from out of thin air!
The throwing net hits you.
You become entangled in the net!
You struggle against the net.
You struggle against the net.
Something drops a +0 short sword of holy wrath.
Something picks up a +0 falchion.
You struggle against the net.
You hear some strange, mumbled words.
You rip the net and break free!
The white imp gestures at you. You block the puff of frost.
You completely miss the orc. The orc hits you with a +0 mace.
You closely miss the orc. The orc closely misses you. You furiously retaliate!
You headbutt the orc. The orc hits you but does no damage.
You barely miss the orc. You headbutt the orc.
You kill the orc!
You closely miss the orc. The orc barely misses you. You furiously retaliate!
You headbutt the orc!
You kill the orc!
You hear some strange, mumbled words.
The white imp gestures at you. The puff of frost hits you!
A throwing net appears from out of thin air!
The throwing net hits you.
You become entangled in the net!
The white imp hits you but does no damage.
Items here: ( )))))) [[ ††††.
You are too injured to fight recklessly!
You tear a large gash into the net.
You hear a zap.
Your mind is blasted!
* * * LOW HITPOINT WARNING * * *
The white imp hits you but does no damage.
You are too injured to fight recklessly!
You struggle against the net.
You hear a zap.
Something tries to affect you, but you resist.
The white imp hits you but does no damage.
You are too injured to fight recklessly!
You shred the net and break free!
A throwing net appears from out of thin air!
The throwing net hits you.
You become entangled in the net!
The white imp gestures at you. The puff of frost hits you!
* * * LOW HITPOINT WARNING * * *
You tear a large gash into the net.
You hear a zap.
Something tries to affect you, but you resist.
The white imp gestures at you.
The puff of frost hits you but does no damage.
You struggle against the net.
The white imp hits you but does no damage.
You feel much better. Something hits you.
Something steals 18 gold pieces!
You now have 0 gold pieces.
Something bites you but does no damage.
The white imp hits you but does no damage.
You rip the net and break free!
You block something's attack. Something bites you but does no damage.
The white imp barely misses you.
You closely miss the white imp. You slash something!
Something hits you but does no damage. Something bites you but does no damage.
The white imp hits you. The white imp freezes you.
You slash the white imp!
You kill the white imp!
You closely miss something.
Maurice appears from thin air!
Reactivating autopickup.
Maurice zaps a wand.
Your mind is blasted!
You are too injured to fight recklessly!
Maurice hits you but does no damage. You block Maurice's attack.
You slice Maurice!! You drain Maurice! Your headbutt misses Maurice.
Maurice is severely wounded.
You block Maurice's attack. Maurice barely misses you.
You closely miss Maurice.
Maurice is severely wounded.
Maurice hits you with a +0 falchion.
* * * LOW HITPOINT WARNING * * *
Maurice grunts, "Curses!"
Maurice bites you but does no damage.
You closely miss Maurice.
Maurice is heavily wounded.
Maurice says to you, "Money or life?
Never mind, I think I'll take both."
Maurice zaps a wand.
Your mind is blasted!
* * * LOW HITPOINT WARNING * * *
You slash Maurice! You drain Maurice.
Maurice is almost dead.
Maurice zaps a wand.
Your mind is blasted!
You die...

.# #...# #.##
#...
.##..#..######
#..###....
....# #......#
#.........
###..# #.#
#.......8.
#...# #.#
#....o.:..
..## #)#
#..###o... ##
#.# #.## #...
#.###.# ...
#..))@# .
#####f# #...#
#...# #....#
##...# ...#
### ...# #..
...### ##


You could see Maurice (very drained).

Vanquished Creatures
  Pikel (D:5)
  Maggie (D:6)
  Sigmund (D:2)
  A water moccasin (D:5)
  An orc warrior (D:7)
  2 black bears (D:6)
  An ice beast (D:4)
  A centaur (D:7)
  A kobold brigand (D:5)
  2 scorpions
  4 howler monkeys (D:7)
  2 orc priests
  3 bombardier beetles
  2 hounds
  5 iguanas
  A sleepcap (D:5)
  7 orc wizards
  9 adders
  2 shadow imps (D:7)
  3 white imps (D:7)
  2 ufetubi (D:6)
  3 ribbon worms
  A dart slug (D:4)
  34 orcs
  2 bats (D:3)
  6 endoplasms
  4 giant cockroaches
  9 goblins
  5 hobgoblins
  4 jackals (D:3)
  11 kobolds
  5 quokkas
  7 ball pythons
  2 frilled lizards
  3 rats
148 creatures vanquished.

Notes
Turn   | Place    | Note
-------+----------+-------------------------------------------
     0 | D:1      | Flugslaktarn the Minotaur Fighter began the quest for the
                  | Orb.
     0 | D:1      | Reached XP level 1. HP: 19/19 MP: 0/0
   336 | D:1      | Reached XP level 2. HP: 26/27 MP: 1/1
   921 | D:2      | Reached XP level 3. HP: 32/33 MP: 2/2
  1287 | D:2      | Noticed Sigmund
  1305 | D:2      | Killed Sigmund
  1306 | D:2      | Reached skill level 5 in Fighting
  1306 | D:2      | Reached XP level 4. HP: 18/42 MP: 3/3
  1306 | D:2      | Reached XP level 5. HP: 20/48 MP: 4/4
  2069 | D:3      | Found a stormy altar of Qazlal.
  2205 | D:3      | Reached XP level 6. HP: 56/56 MP: 5/5
  2272 | D:3      | Reached skill level 5 in Axes
  3273 | D:4      | Noticed an ice beast
  3281 | D:4      | Killed an ice beast
  3408 | D:4      | Reached skill level 5 in Armour
  3416 | D:4      | Reached skill level 5 in Shields
  3533 | D:4      | Reached XP level 7. HP: 64/64 MP: 6/6
  3766 | D:4      | Found a shimmering altar of Xom.
  3878 | D:5      | Entered Level 5 of the Dungeon
  4060 | D:5      | Found Ownam's Antique Weapon Shoppe.
  4108 | D:5      | Noticed Pikel
  4132 | D:5      | Killed Pikel
  4133 | D:5      | Reached XP level 8. HP: 73/73 MP: 7/7
  4549 | D:5      | Found Gaybb's CLEARANCE SALE!.
  4553 | D:5      | Bought a scroll of teleportation for 12 gold pieces
  4553 | D:5      | Bought a potion of heal wounds for 20 gold pieces
  4555 | D:5      | Bought a scroll of identify for 8 gold pieces
  5222 | D:5      | Identified a scroll of acquirement
  5222 | D:5      | Acquired 633 gold pieces
  5365 | D:6      | Identified the +1 chain mail of Privacy {rN+ Str+4 Int+4
                  | Dex-4}
  5437 | D:6      | Found a hide-covered altar of Uskayaw.
  5487 | D:6      | Noticed Maggie
  5497 | D:6      | Killed Maggie
  5498 | D:6      | Reached XP level 9. HP: 62/83 MP: 5/8
  6506 | D:7      | Found a shimmering blue altar of Sif Muna.
  6765 | D:7      | Noticed Maurice
  6770 | D:7      | Maurice stole a +0 war axe
  6773 | D:7      | Something stole 3 throwing nets
  6774 | D:7      | Something stole an amulet of faith
  6775 | D:7      | Something stole 457 gold
  6777 | D:7      | Something stole 46 gold
  6778 | D:7      | Something stole 388 gold
  6847 | D:7      | Something stole 18 gold
  6855 | D:7      | Blown up by Maurice

Illustrated notes

Levels and vault maps discovered:
D:1:      scummos_arrival_hexagon, layout_basic, minmay_tall_x
D:2:      layout_loops_corners, uniq_sigmund
D:3:      layout_basic, grunt_qazlal_sundering, portal_sewer_entry_d,
          kennysheep_flooded_box, st_stairs_12, guppyfry_early_orc_mine
D:4:      layout_rooms, regret_index_xom_buried_treasure
D:5:      layout_basic, serial_shops, nicolae_shop_tiny_glass,
          chequers_serial_rivers_room_a, st_stairs_13, nicolae_shop_clearance,
          uniq_pikel
D:6:      layout_loops_cross, lemuel_tele_altar, uniq_maggie
D:7:      layout_loops_ring, grunt_dithmenos_shadows, kennysheep_orc_sif_temple,
          minmay_temple_entry_hall, serial_bayou_pond_c, grunt_ministairs_6,
          uniq_maurice

Skill      XL: |  1  2  3  4  5  6  7  8  9 |
---------------+----------------------------+-----
Fighting       | 4 5 6 7 9 |  9.7
Axes           | 3 4 5 7 8 9 |  9.3
Armour         | 4 5 6 7 |  7.1
Shields        | 4 5 6 7 |  7.0

Action                     |  1- 3 |  4- 6 |  7- 9 || total
---------------------------+-------+-------+-------++-------
  Melee: War axe           |    71 |   132 |   221 ||   424
         Headbutt          |    13 |    29 |    25 ||    67
    Use: Potion            |     1 |       |     2 ||     3
         Scroll            |       |       |     9 ||     9
 Armour: Scale mail        |     9 |       |       ||     9
         Plate armour      |    41 |   108 |    84 ||   233
         Chain mail        |       |       |   128 ||   128
         Skin              |       |       |     2 ||     2
  Dodge: Dodged            |    19 |    47 |    74 ||   140
  Block: Buckler           |    16 |    27 |    44 ||    87

Table legend: (Time is in decaauts)
 A = Elapsed time spent in this place.
 B = Non-inter-level travel time spent in this place.
 C = Inter-level travel time spent in this place.
 D = Time resting spent in this place.
 E = Time spent auto-exploring this place.
 F = Levels seen in this place.
 G = Mean time per level.
                   A        B        C        D        E       F      G
               +--------+--------+--------+--------+--------+-----+--------+
         Total |   6950 |   6581 |    369 |    235 |   5242 |   7 |  992.9 |
       Dungeon |   6950 |   6581 |    369 |    235 |   5242 |   7 |  992.9 |
               +--------+--------+--------+--------+--------+-----+--------+

Top non-repeatable levels by time:
     D:5: 1394 daAuts
     D:2: 1347 daAuts
     D:3: 1292 daAuts
     D:6: 1097 daAuts
     D:4: 700 daAuts
     D:1: 609 daAuts
     D:7: 508 daAuts
